 Dungeon Crawl Stone Soup version 0.29.1-15-g9cfb28693d (webtiles) character file.

Game seed: 17972975454803282224

468 ThatPearl the Chopper (level 7, 0/49 HPs)
             Began as an Octopode Fighter on Mar 19, 2023.
             Was a Priest of Ru.
             Slain by an ogre
             ... wielding a +0 giant spiked club
              (11 damage)
             ... on level 4 of the Dungeon.
             The game lasted 00:11:04 (4526 turns).

ThatPearl the Chopper (Octopode Fighter)            Turns: 4526, Time: 00:11:05

Health: 0/49       AC:  3    Str: 15    XL:     7   Next: 8%
Magic:  16/16      EV: 14    Int: 12    God:    Ru [***...]
Gold:   327        SH:  5    Dex: 12    Spells: 6/6 levels left

rFire   x . .      SeeInvis .   a - +0 war axe
rCold   x . .      Faith    .   B - +0 buckler
rNeg    . . .      Spirit   .   u - +2 hat {Stlth+}
rPois   .          Reflect  .   (no amulet)
rElec   .          Harm     .   m - ring of magical power
rCorr   .          Rampage  .   (no ring)
Will    .....                   (no ring)
Stlth   +++.......              (no ring)
HPRegen 0.16/turn               (no ring)
MPRegen 0.15/turn               (no ring)
                                (no ring)
                                (no ring)

@: no status effects
A: almost no armour, amphibious, 8 rings, camouflage 1, gelatinous body 1, no
conjurations magic, no earth magic, no transmutations magic, temperature
sensitive, (nimble swimmer 1), tentacles
a: Renounce Religion, Draw Out Power


You were on level 4 of the Dungeon.
You worshipped Ru.
Ru was most pleased with you.
You visited 1 branch of the dungeon, and saw 6 of its levels.

You collected 327 gold pieces.

Inventory:

Hand Weapons
 a - a +0 war axe (weapon)
 b - a +4 dagger of speed
 n - a +0 dagger of venom
 r - a +0 sling
Missiles
 j - 21 stones (quivered)
Armour
 u - a +2 hat of stealth (worn)
 B - a +0 buckler (worn)
Jewellery
 m - a ring of magical power (left tentacle)
Wands
 A - a wand of digging (5)
 C - a wand of flame (22)
Scrolls
 d - 3 scrolls of magic mapping {unknown}
 e - a scroll of summoning {unknown}
 i - 2 scrolls of immolation {unknown}
 o - a scroll of vulnerability {unknown}
 q - a scroll of enchant armour {unknown}
 t - a scroll of fear {unknown}
 v - 2 scrolls of enchant weapon {unknown}
 w - a scroll of teleportation {unknown}
 y - 3 scrolls of poison {unknown}
 z - a scroll of silence {unknown}
 D - 2 scrolls of identify {unknown}
Potions
 c - a potion of might
 f - a potion of attraction {unknown}
 g - 2 potions of heal wounds {unknown}
 h - a potion of invisibility {unknown}
 k - 3 potions of mutation {unknown}
 l - a potion of cancellation {unknown}
 p - a potion of flight {unknown}
 s - 4 potions of curing {unknown}
 x - a potion of lignification {unknown}


   Skills:
 + Level 4.4 Fighting
 * Level 4.9 Axes
 + Level 4.3 Dodging
 + Level 4.3 Shields


You had 6 spell levels left.
You didn't know any spells.
Your spell library contained the following spells:

 Spells                   Type           Power      Damage    Failure   Level
 Inner Flame              Hex/Fire       0%         N/A       77%         3
 Summon Lightning Spire   Summ/Air       0%         N/A       99%         4
 Maxwell's Capacitive Co  Air            0%         ∞         100%        8
 Foxfire                  Conj/Fire      Unusable   2x1d4     N/A         1
 Conjure Flame            Conj/Fire      Unusable   6-21      N/A         3
 Flame Wave               Conj/Fire      Unusable   2d4       N/A         4
 Storm Form               Tmut/Air       Unusable   N/A       N/A         7

Dungeon Overview and Level Annotations

Branches:
Dungeon (6/15)
 Temple: D:4-7

Altars:
Elyvilon
Gozag
Makhleb
Ru
Xom
Yredelemnul

Shops:
D:2 *   D:3 [


Innate Abilities, Weirdness & Mutations

You cannot wear most types of armour.
You are amphibious.
You can wear up to eight rings at the same time.
Your skin changes colour to match your surroundings (Stealth+).
Your rubbery body absorbs attacks. (AC +1, EV +1)
You cannot study or cast Conjurations magic.
You cannot study or cast Earth magic.
You cannot study or cast Transmutations magic.
You are sensitive to extremes of temperature. (rF-, rC-)
((You are camouflaged when in or above water. (Stealth+)))
You have tentacles for arms and can constrict up to eight enemies at once.


Message History

The gnoll shouts!
You barely miss the gnoll. You grab the gnoll. You squeeze the gnoll!
The gnoll is heavily wounded.
You constrict the gnoll. The gnoll misses you.
The gnoll hits you with a +0 club.
You hit the gnoll.
You kill the gnoll!
A gnoll comes into view. It is wielding a +0 club.
You see here a +0 club.
A gnoll is nearby!
A gnoll comes into view. It is wielding a +0 halberd.
The gnoll moves out of view.
The gnoll shouts!
You hear a shout!
The gnoll hits you with a +0 halberd! The gnoll hits you but does no damage.
You hear a shout!
You hit the gnoll. You grab the gnoll.
The gnoll is moderately wounded.
You slash the gnoll! You constrict the gnoll.
The gnoll is stunned by your conviction and fails to attack.
The gnoll barely misses you. x2
A gnoll sergeant comes into view. It is wielding a +0 spear.
The gnoll hits you with a +0 halberd.
You hit the gnoll but do no damage. You squeeze the gnoll.
The gnoll is severely wounded.
You hit the gnoll but do no damage. You constrict the gnoll.
The gnoll hits you with a +0 halberd.
An ogre comes into view. It is wielding a +0 giant spiked club.
The gnoll barely misses you.
You slash the gnoll!
You kill the gnoll!
You hit the gnoll. You block the gnoll's attack.
The gnoll hits you with a +0 club.
Unknown command.
You slash the gnoll!
You kill the gnoll!
The gnoll hits you from afar with a +0 halberd!
* * * LOW HITPOINT WARNING * * *
The ogre attacks as you move away!
The ogre hits you with a +0 giant spiked club!
You die...

..# ....... ..####
....... .....# ##.
..... .....# #.... ...
.....# #....######g#
.....# #....##..)..#
.....######...##..g..#
..........#..<##.O...#
#####.....#.....@....#
#.....#..........#
#.....#..........# #
#.....#..)##.....# ###
#.....#...##.....#
..#####...###'##......#
#'#...#+#......#......#
#.......#####..#......#
......[...#.#'#########


You could see an ogre, a gnoll sergeant and a gnoll.

Vanquished Creatures
  Sigmund (D:3)
  A hound (D:4)
  Crazy Yiuf (D:3)
  An iguana (D:4)
  Ijyb (D:5)
  2 orc wizards (D:4)
  5 gnolls
  3 adders
  5 worms
  A dart slug (D:2)
  16 orcs
  8 endoplasms
  2 giant cockroaches
  8 goblins
  9 hobgoblins
  6 jackals
  5 quokkas
  4 ball pythons
  2 bats
  5 frilled lizards
  2 kobolds
  4 rats
92 creatures vanquished.

Vanquished Creatures (others)
  A ball python (D:2)
1 creature vanquished.

Grand Total: 93 creatures vanquished

Notes
Turn   | Place    | Note
-------+----------+-------------------------------------------
     0 | D:1      | ThatPearl the Octopode Fighter began the quest for the Orb.
     0 | D:1      | Reached XP level 1. HP: 16/16 MP: 1/1
    67 | D:1      | Reached XP level 2. HP: 21/21 MP: 2/2
   225 | D:1      | Found a faded altar of an unknown god.
   228 | D:1      | Prayed at the altar of an unknown god.
   228 | D:1      | Became a worshipper of Ru the Awakened
   235 | D:1      | Gained mutation: You cannot study or cast Earth magic. [Ru
                  | sacrifice]
   235 | D:1      | Gained mutation: You cannot study or cast Transmutations
                  | magic. [Ru sacrifice]
   235 | D:1      | Gained mutation: You cannot study or cast Conjurations
                  | magic. [Ru sacrifice]
   235 | D:1      | Reached * piety under Ru
   729 | D:2      | Found Teulek's General Store.
   788 | D:2      | Reached XP level 3. HP: 15/26 MP: 3/3
  1321 | D:2      | Reached XP level 4. HP: 19/31 MP: 4/4
  2016 | D:3      | Found a runed translucent door.
  2017 | D:3      | Noticed Crazy Yiuf
  2108 | D:3      | Found Jytume's Armour Shoppe.
  2119 | D:3      | Noticed Sigmund
  2140 | D:3      | You fall into a shaft and drop 3 floors!
  2173 | D:5      | Entered Level 5 of the Dungeon
  2190 | D:5      | Noticed a necrophage
  2190 | D:5      | Noticed an ogre
  2218 | D:5      | Noticed a centaur
  2244 | D:5      | Noticed Ijyb
  2271 | D:5      | Killed Ijyb
  2272 | D:5      | Reached XP level 5. HP: 32/37 MP: 5/5
  2354 | D:4      | Gained mutation: You are sensitive to extremes of
                  | temperature. (rF-, rC-) [Ru sacrifice]
  2354 | D:4      | Reached ** piety under Ru
  2354 | D:4      | Reached *** piety under Ru
  2926 | D:3      | Found a shimmering altar of Xom.
  2934 | D:3      | Found a basalt altar of Yredelemnul.
  2935 | D:3      | Found a burning altar of Makhleb.
  2944 | D:3      | Found a white marble altar of Elyvilon.
  3084 | D:3      | Killed Sigmund
  3085 | D:3      | Reached XP level 6. HP: 15/43 MP: 6/6
  3384 | D:3      | Killed Crazy Yiuf
  3745 | D:4      | Found an opulent altar of Gozag.
  4214 | D:3      | Reached XP level 7. HP: 12/49 MP: 7/7
  4526 | D:4      | Slain by an ogre

Illustrated notes

Levels and vault maps discovered:
D:1:      roderic_octagonal_star, layout_rooms,
          shapermc_ecumenical_altar_mp_urbaneastern, dk_noncrumbling_3,
          dreamdust_wishing_well, minmay_tetromino_i4
D:2:      layout_basic, serial_shops, shop, guppyfry_early_orc_mine
D:3:      layout_rooms, minitemple, serial_shops, nicolae_square_shop,
          uniq_crazy_yiuf_cottage, uniq_sigmund
D:4:      nicolae_cairo_tiling_very_big, layout_gridville,
          mainiacjoe_overflow_cross_hatched
D:5:      layout_rooms, serial_shops, shop, uniq_blork_the_orc,
          uniq_prince_ribbit1, uniq_ijyb
D:6:      layout_basic, serial_shops, shop_fountains

Skill      XL: |  1  2  3  4  5 |
---------------+----------------+-----
Axes           | 3 4 |  4.9
Fighting       | 4 |  4.4
Dodging        | 4 |  4.3
Shields        | 4 |  4.3

Action                   |  1- 3 |  4- 6 |  7- 9 || total
-------------------------+-------+-------+-------++-------
Melee: War axe           |    55 |   115 |     6 ||   176
       Tentacles         |     7 |    20 |     2 ||    29
       Constrict         |    15 |    26 |     2 ||    43
       Punch             |       |     2 |       ||     2
Throw: Stone             |       |     9 |       ||     9
       Throwing net      |       |     1 |       ||     1
Invok: Sacrifice Arcana  |     1 |       |       ||     1
       Sacrifice Resista |       |     1 |       ||     1
       Draw Out Power    |       |     1 |       ||     1
 Stab: Sleeping          |     6 |     4 |       ||    10
       Distracted        |     1 |       |       ||     1
Armor: Skin              |     5 |    15 |     1 ||    21
Dodge: Dodged            |    26 |    92 |     4 ||   122
Block: Buckler           |    17 |    29 |     1 ||    47
